 Dungeon Sprint DCSS version 0.31-a0-66-ge618eeaa78 (webtiles) character file.

Game seed: 13762586181848528369

679 sircluck the Grappler (level 7, -2/78 HPs)
             Began as a Troll Berserker on May 22, 2023.
             Was an Elder of Trog.
             Slain by a troll (11 damage)
             ... in the Dungeon (Sprint IX: "|||||||||||||||||||||||||||||").
             The game lasted 00:00:33 (226 turns).

sircluck the Grappler (Troll Berserker)              Turns: 226, Time: 00:00:34

Health: -2/78      AC:  4    Str: 34    XL:     7   Next: 34%
Magic:  6/6        EV: 11    Int:  3    God:    Trog [****..]
Gold:   0          SH:  0    Dex:  9    Spells: 6/6 levels left

rFire   . .          .
                       - Unarmed
rCold   . . .        (no shield)
rNeg    . . .        a - +0 animal skin
rPois   .            (helmet restricted)
rElec   .            (no cloak)
rCorr   .            (gloves unavailable)
SInv    .            (boots unavailable)
Will    .....        (no amulet)
Stlth   +            j - +3 ring of strength
HPRegen 1.13/turn    k - +3 ring of strength
MPRegen 0.10/turn

%: no teleportation
@: lethally poisoned (-2 -> -3)
A: large, unfitting armour, claws 3, regeneration 1, shaggy fur 1, tough skin 1
a: Renounce Religion, Berserk, Trog's Hand, Brothers in Arms


You were in the Dungeon.
You worshipped Trog.
Trog was greatly pleased with you.
You visited 1 branch

Inventory:

Armour
 a - a +0 animal skin (worn)
Jewellery
 j - a +3 ring of strength (left claw)
 k - a +3 ring of strength (right claw)
Wands
 i - a wand of light (10)
Scrolls
 g - 2 scrolls of blinking
Potions
 b - 5 potions of curing
 c - 3 potions of heal wounds
 d - a potion of haste
 e - 4 potions of magic
 f - a potion of berserk rage
 h - a potion of invisibility


   Skills:
 + Level 7.1 Fighting
 + Level 7.8 Dodging
 + Level 0.2 Stealth
 + Level 11.2 Unarmed Combat


You had 6 spell levels left.
You didn't know any spells.
Your spell library was empty.

Dungeon Overview and Level Annotations

Branches:
Dungeon (1/1)

Altars:
Cheibriados
Dithmenos
Elyvilon
Fedhas
Gozag
Hepliaklqana
Kikubaaqudgha
Makhleb
Nemelex Xobeh
Okawaru
Qazlal
Ru
Sif Muna
Trog
Uskayaw
Vehumet
Wu Jian
Xom
Yredelemnul
Zin
The Shining One
Jiyva
Lugonu


Innate Abilities, Weirdness & Mutations

You are too large for most types of armour.
You have claws for hands.
Your natural rate of healing is unusually fast.
You are covered in fur. (AC +1)
You have tough skin. (AC +1)


Message History

The hornet is severely wounded.
You feel very sick.
The hornet stings you but does no damage. x2
You miss the hornet.
The hornet is severely wounded.
You feel yourself speed up.
You feel sick. The hornet stings you.
You are more poisoned.
You feel yourself slow down. The hornet misses you.
You barely miss the hornet.
The hornet is severely wounded.
You feel very sick. The hornet completely misses you.
The hornet barely misses you.
You closely miss the hornet.
The hornet is severely wounded.
You feel very sick. The hornet stings you!
You feel as though you will be slow longer.
You closely miss the hornet.
The hornet is severely wounded.
You feel sick. The hornet misses you.
The hornet stings you but does no damage.
You closely miss the hornet.
The hornet is severely wounded.
You feel sick. The hornet closely misses you. The hornet stings you!
* * * LOW HITPOINT WARNING * * *
You feel as though you will be slow longer.
You claw the hornet!
You kill the hornet!
Trog accepts your kill.
You feel sick.
Your Fighting skill increases to level 7!
Your Unarmed Combat skill increases to level 11!
You have reached level 7!
Unknown command.
You closely miss the troll. You claw the troll!!
The troll is heavily wounded.
You feel yourself speed up.
You feel sick. The troll bites you!
You die... ▓▓▓▓▓▓▓▓▓▓▓▓▓▓▓▓▓▓▓▓▓▓▓▓ _______'.?).[[[.@Tc..... ▓▓▓▓▓▓▓▓▓▓▓▓▓▓▓▓▓▓▓▓▓▓▓▓

You could see a troll and a centaur.

Vanquished Creatures
  A hornet (D)
  A yak (D)
  An ogre (D)
  A phantom (D)
  A kobold brigand (D)
  A howler monkey (D)
  A jelly (D)
  An iguana (D)
  A dart slug (D)
  An orc (D)
  A giant cockroach (D)
  2 goblins (D)
  A frilled lizard (D)
14 creatures vanquished.

Notes
Turn   | Place    | Note
-------+----------+-------------------------------------------
     0 | D        | sircluck the Troll Berserker began the quest for the Orb.
     0 | D        | Reached XP level 1. HP: 22/22 MP: 0/0
    13 | D        | Reached ** piety under Trog
    32 | D        | Noticed a phantom
    32 | D        | Noticed an ogre
    32 | D        | Noticed an iguana
    32 | D        | Noticed a jelly
    34 | D        | Reached XP level 2. HP: 31/31 MP: 1/1
    40 | D        | Killed a phantom
    40 | D        | Reached *** piety under Trog
    41 | D        | Reached skill level 6 in Unarmed Combat
    41 | D        | Reached XP level 3. HP: 40/40 MP: 2/2
    41 | D        | Reached XP level 4. HP: 49/49 MP: 3/3
    42 | D        | Killed an ogre
    43 | D        | Reached skill level 5 in Fighting
    43 | D        | Reached skill level 5 in Dodging
    43 | D        | Reached skill level 7 in Unarmed Combat
    43 | D        | Reached XP level 5. HP: 57/57 MP: 4/4
    52 | D        | Reached skill level 8 in Unarmed Combat
   158 | D        | Found a snail-covered altar of Cheibriados.
   158 | D        | Found a shadowy altar of Dithmenos.
   158 | D        | Found a white marble altar of Elyvilon.
   158 | D        | Found a blossoming altar of Fedhas.
   158 | D        | Found an opulent altar of Gozag.
   159 | D        | Found a hazy altar of Hepliaklqana.
   160 | D        | Found a viscous altar of Jiyva.
   161 | D        | Found an ancient bone altar of Kikubaaqudgha.
   162 | D        | Found a corrupted altar of Lugonu.
   163 | D        | Found a burning altar of Makhleb.
   164 | D        | Found a sparkling altar of Nemelex Xobeh.
   165 | D        | Found an iron altar of Okawaru.
   166 | D        | Found a stormy altar of Qazlal.
   167 | D        | Found a sacrificial altar of Ru.
   168 | D        | Found a shimmering blue altar of Sif Muna.
   169 | D        | Found a bloodstained altar of Trog.
   170 | D        | Found a hide-covered altar of Uskayaw.
   171 | D        | Found a radiant altar of Vehumet.
   172 | D        | Found an ornate altar of the Wu Jian Council.
   173 | D        | Found a shimmering altar of Xom.
   174 | D        | Found a basalt altar of Yredelemnul.
   175 | D        | Found a glowing silver altar of Zin.
   176 | D        | Found a glowing golden altar of the Shining One.
   204 | D        | Noticed a yak
   204 | D        | Noticed a hornet
   204 | D        | Noticed a troll
   204 | D        | Noticed a centaur
   208 | D        | Reached **** piety under Trog
   213 | D        | Reached skill level 9 in Unarmed Combat
   213 | D        | Reached XP level 6. HP: 66/67 MP: 5/5
   214 | D        | Killed a yak
   215 | D        | Reached skill level 10 in Unarmed Combat
   225 | D        | Killed a hornet
   226 | D        | Reached skill level 11 in Unarmed Combat
   226 | D        | Reached XP level 7. HP: 8/78 MP: 6/6
   226 | D        | Slain by a troll

Illustrated notes

Levels and vault maps discovered:
D:        linesprint [early_d, line_temple, items_1, d_10, items_2, lair_1,
          lair_end, items_3, orc_1, orc_end, items_4, d_15, swamp_1, shoals_1,
          snake_1, spider_1, d_20, vaults_1, items_5, swamp_end, shoals_end,
          snake_end, spider_end, vaults_end, d_27, items_6, zot_1, zot_end,
          crypt_end, forest_end, elf_end, slime_end, tomb_end, abyss_end,
          pan_hell_end]

Skill      XL: |  1  2  3  4  5  6 |
---------------+-------------------+-----
Fighting       | 3 4 5 6 7 |  7.1
Dodging        | 3 4 5 6 7 |  7.8
Unarmed Combat | 6 7 9 11 | 11.2
Stealth        | |  0.2

Action                     |  1- 3 |  4- 6 |  7- 9 || total
---------------------------+-------+-------+-------++-------
  Melee: Unarmed           |    24 |    32 |     1 ||    57
         Punch             |       |     1 |     1 ||     2
 Armour: Animal skin       |     7 |     4 |       ||    11
  Dodge: Dodged            |     8 |    16 |       ||    24

Table legend: (Time is in decaauts)
 A = Elapsed time spent in this place.
 B = Non-inter-level travel time spent in this place.
 C = Inter-level travel time spent in this place.
 D = Time resting spent in this place.
 E = Time spent auto-exploring this place.
 F = Levels seen in this place.
 G = Mean time per level.
                   A        B        C        D        E       F      G
               +--------+--------+--------+--------+--------+-----+--------+
         Total |    221 |    221 |      0 |    100 |      3 |   1 |  221.0 |
       Dungeon |    221 |    221 |      0 |    100 |      3 |   1 |  221.0 |
               +--------+--------+--------+--------+--------+-----+--------+

Top non-repeatable levels by time:
       D: 221 daAuts
